 Dungeon Crawl Stone Soup version 0.31-a0-731-ga75f04deac (webtiles) character file.

Game seed: 15598442654822778230

185 Ijustatesigmund the Magician (level 5, 0/30 HPs)
             Began as a Deep Elf Fire Elementalist on Sept 12, 2023.
             Slain by a gnoll
             ... wielding a +0 spear
             ... led by a gnoll bouda
              (5 damage)
             ... on level 3 of the Dungeon.
             The game lasted 00:05:24 (3327 turns).

Ijustatesigmund the Magician (DEFE)                 Turns: 3327, Time: 00:05:24

Health: 0/30       AC:  6    Str:  5    XL:     5   Next: 37%
Magic:  7/13       EV: 12    Int: 28    God:
Gold:   96         SH:  0    Dex: 15    Spells: 6/13 levels left

rFire   . . .        f - +0 short sword
rCold   . . .        (no shield)
rNeg    . . .        a - +0 robe
rPois   .            (helmet restricted)
rElec   .            m - +1 cloak
rCorr   .            g - +1 pair of gloves
SInv    .            (no boots)
Will    .....        (no amulet)
Stlth   ++           k - +6 ring of intelligence
HPRegen 0.25/turn    (no ring)
MPRegen 0.13/turn

%: no passive effects
@: lethally poisoned (0 -> -12)
A: horns 1
a: no special abilities


You were on level 3 of the Dungeon.
You visited 1 branch of the dungeon, and saw 3 of its levels.

You collected 96 gold pieces.

Inventory:

Hand Weapons
 f - a +0 short sword (weapon)
Armour
 a - a +0 robe (worn)
 g - a +1 pair of gloves (worn)
 m - a +1 cloak (worn)
Jewellery
 k - a +6 ring of intelligence (left hand)
Scrolls
 c - a scroll of enchant armour
 j - a scroll of vulnerability {unknown}
Potions
 b - a potion of magic
 e - a potion of curing {unknown}
 h - 2 potions of mutation
 i - a potion of enlightenment {unknown}


   Skills:
 + Level 1.9 Fighting
 - Level 2.4 Dodging
 - Level 2.4 Stealth
 + Level 4.6 Spellcasting
 + Level 3.0 Conjurations
 + Level 4.3 Fire Magic


You had 6 spell levels left.
You knew the following spells:

 Your Spells              Type           Power      Damage    Failure   Level
a - Foxfire               Conj/Fire      100%       2x1d9     1%          1
b - Scorch                Fire           62%        2d7       1%          2
c - Flame Wave            Conj/Fire      27%        2d9       16%         4

Your spell library contained the following spells:

 Spells                   Type           Power      Damage    Failure   Level
 Summon Small Mammal      Summ           24%        N/A       7%          1
 Inner Flame              Hex/Fire       18%        N/A       9%          3
 Volatile Blastmotes      Fire/Tloc      36%        2d13      9%          3
 Call Canine Familiar     Summ           6%         N/A       22%         3
 Summon Guardian Golem    Hex/Summ       6%         N/A       22%         3


Dungeon Overview and Level Annotations

Branches:
Dungeon (3/15)

Altars:


Innate Abilities, Weirdness & Mutations

You have a pair of small horns on your head.


Message History

The gnoll bouda utters an invocation to its god.
The gnoll bouda is healed somewhat.
The foxfire hits the gnoll!
The gnoll is heavily wounded.
The foxfire hits the gnoll bouda.
The gnoll bouda is severely wounded.
The gnoll bouda calls upon its god to heal the gnoll.
The gnoll is healed somewhat.
Casting: Foxfire (safe; 1% risk of failure)
Confirm with . or Enter, or press ? or * to list all spells.
Flames lash the gnoll.
The gnoll is moderately wounded.
The gnoll's fire resistance burns away.
The gnoll bouda mumbles some strange prayers to its god.
The gnoll bouda is healed somewhat.
Casting: Scorch (safe; 1% risk of failure)
Confirm with . or Enter, or press ? or * to list all spells.
Flames lash the gnoll.
The gnoll is burned terribly!
The gnoll is severely wounded.
The gnoll hits you from afar with a +0 spear of venom.
You are poisoned.
The gnoll closely misses you.
You feel very sick. The gnoll hits you but does no damage.
You are more poisoned.
The gnoll hits you from afar with a +0 spear.
You feel very sick. The gnoll attacks as it pursues you!
The gnoll hits you from afar with a +0 spear of venom.
The gnoll bouda calls upon its god to heal the gnoll.
The gnoll is healed somewhat.
The gnoll closely misses you. The gnoll attacks as it pursues you!
The gnoll hits you from afar with a +0 spear.
* * * LOW HITPOINT WARNING * * *
It was a potion of mutation.
You feel extremely strange. A pair of horns grows on your head!
You feel stupid.
You feel clever.
* * * LOW HITPOINT WARNING * * *
You feel very sick.
The gnoll hits you from afar with a +0 spear.
You die...

#.....).......)....##
###............#...##
####...)........[###.###
#....#.................##
#....#..........####.#..#
####...g..[...........#..
###..gg....).†..#.....
###########........###.#.#.##
#........###@.....## #...#.##
#.....<........#### ##..#...
...........###### #..####
##........## ##..# #
#........##############...###
#.............(.........#....
#####...#####################
#.........................
##########################


You could see a gnoll bouda and 2 gnolls.

Vanquished Creatures
  A hound (D:3)
  Terence (D:3)
  3 gnolls
  An adder (D:3)
  2 worms (D:2)
  2 dart slugs
  8 orcs (D:3)
  2 ball pythons (D:2)
  3 bats
  3 endoplasms
  6 giant cockroaches
  3 goblins
  9 hobgoblins
  6 jackals (D:2)
  3 kobolds
  4 quokkas
  4 frilled lizards
  6 rats
  A spectral goblin (D:2)
68 creatures vanquished.

Vanquished Creatures (others)
  139 foxfires
139 creatures vanquished.

Grand Total: 207 creatures vanquished

Notes
Turn   | Place    | Note
-------+----------+-------------------------------------------
     0 | D:1      | Ijustatesigmund the Deep Elf Fire Elementalist began the
                  | quest for the Orb.
     0 | D:1      | Reached XP level 1. HP: 10/10 MP: 6/6
   296 | D:1      | Reached XP level 2. HP: 16/16 MP: 6/8
   299 | D:1      | Learned a level 2 spell: Scorch
   932 | D:1      | Reached XP level 3. HP: 20/20 MP: 7/10
  1379 | D:2      | Reached skill level 1 in Fighting
  1452 | D:2      | Found a faded altar of an unknown god.
  2084 | D:3      | Reached XP level 4. HP: 22/25 MP: 2/11
  2089 | D:3      | Learned a level 4 spell: Flame Wave
  2773 | D:3      | Noticed Terence
  2779 | D:3      | HP: 1/26 [poisoned by a gnoll]
  2951 | D:3      | Reached XP level 5. HP: 30/30 MP: 11/13
  3199 | D:3      | Killed Terence
  3327 | D:3      | Gained mutation: You have a pair of small horns on your
                  | head. [potion of mutation]
  3327 | D:3      | Gained mutation: You are dopey. (Int -2) [potion of
                  | mutation]
  3327 | D:3      | Lost mutation: You are dopey. (Int -2) [potion of mutation]
  3327 | D:3      | Slain by a gnoll

Illustrated notes

Levels and vault maps discovered:
D:1:      sevenhm_arrival_forest_fort_large_2, layout_loops_ring,
          minmay_heptomino_o4
D:2:      layout_rooms, dreamdust_ecumenical_altar_drowned_temple,
          kennysheep_generic_room_3
D:3:      layout_rooms, trog_hazing_becter, nicolae_grassy_gnolls, uniq_terence

Skill      XL: |  1  2  3  4  5 |
---------------+----------------+-----
Fighting       | 1 |  1.9
Conjurations   | 2 3 |  3.0
Spellcasting   | 4 |  4.6
Fire Magic     | 4 |  4.3
Dodging        | |  2.4
Stealth        | |  2.4

Action                     |  1- 3 |  4- 6 || total
---------------------------+-------+-------++-------
  Melee: Short sword       |    10 |     5 ||    15
   Cast: Foxfire           |    51 |    39 ||    90
         Scorch            |    17 |    16 ||    33
    Use: Scroll            |     7 |     1 ||     8
         Potion            |       |     2 ||     2
 Armour: Robe              |     7 |    29 ||    36
  Dodge: Dodged            |    19 |    19 ||    38

Table legend: (Time is in decaauts)
 A = Elapsed time spent in this place.
 B = Non-inter-level travel time spent in this place.
 C = Inter-level travel time spent in this place.
 D = Time resting spent in this place.
 E = Time spent auto-exploring this place.
 F = Levels seen in this place.
 G = Mean time per level.
                   A        B        C        D        E       F      G
               +--------+--------+--------+--------+--------+-----+--------+
         Total |   3328 |   3148 |    180 |    663 |   2007 |   3 | 1109.3 |
       Dungeon |   3328 |   3148 |    180 |    663 |   2007 |   3 | 1109.3 |
               +--------+--------+--------+--------+--------+-----+--------+

Top non-repeatable levels by time:
     D:1: 1289 daAuts
     D:2: 1104 daAuts
     D:3: 935 daAuts
